 Dungeon Crawl Stone Soup version 0.21-a0-401-g0b6bec4 (webtiles) character file.

29 Xenofane the Bolt Thrower (level 3, 0/34 HPs)
             Began as a Kobold Hunter on Oct 21, 2017.
             Succumbed to a scorpion's poison
             ... on level 2 of the Dungeon.
             The game lasted 00:03:09 (1258 turns).

Xenofane the Bolt Thrower (Kobold Hunter)           Turns: 1258, Time: 00:03:09

Health: 0/34       AC:  3    Str: 14    XL:     3   Next: 32%
Magic:  3/3        EV: 16    Int: 12    God:
Gold:   47         SH:  0    Dex: 16    Spells: 2/2 levels left

rFire    . . .     SeeInvis .   g - +0 mace
rCold    . . .     Gourm    .   (shield restricted)
rNeg     . . .     Faith    .   c - +0 leather armour
rPois    .         Spirit   .   (no helmet)
rElec    .         Reflect  .   (no cloak)
rCorr    .         Harm     .   (no gloves)
MR       .....                  (no boots)
Stlth    ..........             (no amulet)
HPRegen  0.11/turn              (no ring)
MPRegen  0.08/turn              (no ring)

@: berserking (expiring), lethally poisoned (0 -> -12), very quick
A: carnivore 3
a: no special abilities


You were on level 2 of the Dungeon.
You were very full.

You visited 1 branch of the dungeon, and saw 2 of its levels.

You collected 47 gold pieces.

Inventory:

Hand Weapons
 a - a +1 hand crossbow
 g - a +0 mace (weapon)
Missiles
 d - 20 bolts
Armour
 c - a +0 leather armour (worn)
Potions
 e - a potion of curing
 i - a potion of might {unknown}
 k - a potion of heal wounds {unknown}
 l - a potion of ambrosia {unknown}
Comestibles
 b - 3 chunks of flesh
 f - a meat ration


   Skills:
 * Level 3.0 Fighting
 - Level 0.3 Maces & Flails
 - Level 4.8 Crossbows
 * Level 3.4 Dodging
 - Level 1.3 Stealth


You had 2 spell levels left.
You didn't know any spells.

Dungeon Overview and Level Annotations

Branches:
Dungeon (2/15)

Altars:

Annotations:
D:2 Robin


Innate Abilities, Weirdness & Mutations

You are small and have problems with some larger weapons.
You are carnivorous and can eat meat at any time.


Message History

The goblin misses you.
The goblin unwields an uncursed hunting sling.
The goblin closely misses you. Robin barely misses you.
The goblin barely misses you.
Items here: ( ))) ††† You sock the goblin!
You kill the goblin!
Your Fighting skill increases to level 3!
Robin throws the goblin at you! The goblin closely misses you.
The goblin barely misses you.
You sock the goblin!
You kill the goblin!
The scorpion stings you!
* * * LOW HITPOINT WARNING * * *
You are lethally poisoned!
The scorpion poisons you! Robin hits you from afar with a spear.
* * * LOW HITPOINT WARNING * * *
The goblin hits you with a club.
* * * LOW HITPOINT WARNING * * *
You die...

.######
.......###########
.....gs)@........## .
.....gg#########..####...
.....gg ................
......g ########..###..
....... #....#.# .......
#....#.# #......
##....#.###.# #......
#...........#
#.....#.###.##


You could see a scorpion, Robin, a hobgoblin and 2 goblins.

Vanquished Creatures
  A dart slug (D:1)
  A leopard gecko (D:2)
  2 bats (D:1)
  A giant cockroach (D:2)
  7 goblins
  5 hobgoblins
  A quokka (D:2)
  2 kobolds (D:1)
  A rat (D:1)
21 creatures vanquished.

Notes
Turn   | Place    | Note
-------+----------+-------------------------------------------
     0 | D:1      | Xenofane the Kobold Hunter began the quest for the Orb.
     0 | D:1      | Reached XP level 1. HP: 12/12 MP: 1/1
   206 | D:1      | Reached XP level 2. HP: 18/18 MP: 2/2
  1180 | D:2      | Reached XP level 3. HP: 18/22 MP: 3/3
  1243 | D:2      | Noticed Robin
  1248 | D:2      | Noticed a scorpion
  1257 | D:2      | HP: 1/34 [goblin/club[Robin] (2)]
  1258 | D:2      | Succumbed to a scorpion's poison

Vault maps used:
D:1:      dpeg_arrival_chase
D:2:      marbit_many_paths, uniq_robin

Skill      XL: |  1  2  3 |
---------------+----------+-----
Dodging        | 3 |  3.4
Fighting       | 3 |  3.0
Maces & Flails | |  0.3
Crossbows      | |  4.8
Stealth        | |  1.3

Action                   || total
-------------------------++-------
Melee: Short sword       ||     4
       Mace              ||    57
 Fire: Hand crossbow     ||     2
  Use: Scroll            ||     4
       Potion            ||     2
 Stab: Sleeping          ||     3
  Eat: Chunk             ||     9
Armor: Leather armour    ||     9
Dodge: Dodged            ||    63

Table legend:
 A = Spawn XP
 B = Non-spawn XP
 C = Spawn XP percentage of total XP
 D = Spawn monster count
 E = Non-spawn monster count
 F = Spawn count percentage of total count
 G = Total turns spent on level
                    A         B        C        D         E        F      G
               +---------+---------+-------+---------+---------+-------+---------
         Total |       0 |      42 |   0.0 |       0 |      21 |   0.0 |  1258
               +---------+---------+-------+---------+---------+-------+---------
           D:1 |       0 |      23 |   0.0 |       0 |      12 |   0.0 |  1045
           D:2 |       0 |      19 |   0.0 |       0 |       9 |   0.0 |   213
               +---------+---------+-------+---------+---------+-------+---------
